 Dungeon Crawl Stone Soup version 0.27.0-1-g7a089689b8 (webtiles) character file.

Game seed: 14418217381195234306

196 ZombieSheep the Insei (level 5, -3/42 HPs)
             Began as a Draconian Transmuter on Aug 3, 2021.
             Slain by a bullfrog (5 damage)
             ... on level 6 of the Dungeon.
             The game lasted 00:07:06 (2999 turns).

ZombieSheep the Insei (Draconian Transmuter)        Turns: 2999, Time: 00:07:07

Health: -3/42      AC:  6    Str: 12    XL:     5   Next: 45%
Magic:  9/9        EV: 12    Int: 14    God:
Gold:   113        SH:  0    Dex: 12    Spells: 6/10 levels left

rFire    . . .     SeeInvis +     - Unarmed
rCold    + . .     Faith    .   (no shield)
rNeg     . . .     Spirit   .   (armour unavailable)
rPois    .         Reflect  .   (helmet currently unavailable)
rElec    .         Harm     .   (no cloak)
rCorr    .         Rampage  .   a - +0 pair of gloves
Will     .....                  (boots currently unavailable)
Stlth    +.........             (no amulet)
HPRegen  0.14/turn              o - ring of protection from cold
MPRegen  0.11/turn              p - ring of see invisible

@: appendages
A: horns 2, talons 2, AC +5, unfitting armour, cold-blooded
a: End Transformation


You were on level 6 of the Dungeon.
You had temporarily grown beastly horns and talons.
You visited 1 branch of the dungeon, and saw 6 of its levels.

You collected 113 gold pieces.

Inventory:

Missiles
 l - 9 poisoned darts
Armour
 a - a +0 pair of gloves (worn)
Jewellery
 o - a ring of protection from cold (left hand)
 p - a ring of see invisible (right hand)
Scrolls
 b - 2 scrolls of torment
 c - 4 scrolls of teleportation
 d - a scroll of blinking
 e - 2 scrolls of amnesia
 j - a scroll of enchant weapon {unknown}
 k - a scroll of fog {unknown}
Potions
 f - 2 potions of brilliance {unknown}
 g - a potion of resistance {unknown}
 h - a potion of curing {unknown}
 i - a potion of haste {unknown}
 m - 2 potions of ambrosia {unknown}
 n - a potion of heal wounds {unknown}


   Skills:
 + Level 2.7 Fighting
 + Level 2.7 Dodging
 + Level 3.8 Unarmed Combat
 + Level 3.0 Spellcasting
 + Level 3.0 Transmutations


You had 6 spell levels left.
You knew the following spells:

 Your Spells              Type           Power      Damage    Failure   Level
a - Beastly Appendage     Tmut           20%        N/A       6%          1
b - Spider Form           Tmut/Pois      3%         N/A       34%         3

Your spell library contained the following spells:

 Spells                   Type           Power      Damage    Failure   Level
 Wereblood                Tmut           10%        N/A       9%          2
 Frozen Ramparts          Ice            4%         1d2       54%         3
 Ice Form                 Ice/Tmut       6%         N/A       75%         4
 Summon Ice Beast         Ice/Summ       2%         N/A       91%         4


Dungeon Overview and Level Annotations

Branches:
Dungeon (6/15)
 Temple: D:4-7

Altars:


Innate Abilities, Weirdness & Mutations

You have temporarily grown beastly horns and talons.
Your plain brown scales are hard. (AC +5)
You cannot fit into any form of body armour.
You are cold-blooded and may be slowed by cold attacks.


Message History

You start resting.
Magic restored.
A bullfrog comes into view.
The bullfrog croaks.
Casting: Beastly Appendage (safe; 6% risk of failure)
Confirm with . or Enter, or press ? or * to list all spells.
You extend your transformation's duration.
The bullfrog hits you but does no damage.
You hit the bullfrog. Your headbutt misses the bullfrog.
The bullfrog is lightly wounded.
The bullfrog hits you. x2
* * * LOW HITPOINT WARNING * * *
You hit the bullfrog.
The bullfrog is moderately wounded.
The bullfrog hits you but does no damage.
You hit the bullfrog but do no damage.
The bullfrog is moderately wounded.
The bullfrog hits you.
* * * LOW HITPOINT WARNING * * *
You hit the bullfrog but do no damage. Your kick misses the bullfrog.
The bullfrog is moderately wounded.
The bullfrog hits you but does no damage.
The bullfrog completely misses you.
You hit the bullfrog but do no damage. Your kick misses the bullfrog.
The bullfrog is moderately wounded.
The bullfrog completely misses you.
You hit the bullfrog. You claw the bullfrog. Your headbutt misses the bullfrog.
You tail-slap the bullfrog, but do no damage.
The bullfrog is heavily wounded.
The bullfrog hits you.
* * * LOW HITPOINT WARNING * * *
The bullfrog hits you but does no damage.
You barely miss the bullfrog.
Your tail-slap misses the bullfrog.
The bullfrog is heavily wounded.
The bullfrog hits you.
* * * LOW HITPOINT WARNING * * *
You hit the bullfrog. Your headbutt misses the bullfrog.
The bullfrog is almost dead.
The bullfrog hits you.
You die...

...# ...#
#..# [.#
... #.# #F#
# #@# #
....###)#.#
..........#
..........+
..........#
...####+#.#
.. .. . ...
.^..


You could see a bullfrog.

Vanquished Creatures
  A bullfrog skeleton (D:5)
  A centaur skeleton (D:5)
  Jessica (D:2)
  4 adders
  2 worms (D:2)
  4 dart slugs
  4 orcs
  4 bats
  5 endoplasms
  4 giant cockroaches
  3 goblins
  5 hobgoblins
  4 jackals
  2 kobolds
  6 ball pythons
  6 frilled lizards
  5 rats
61 creatures vanquished.

Vanquished Creatures (others)
  3 fungi (D:5)
3 creatures vanquished.

Grand Total: 64 creatures vanquished

Notes
Turn   | Place    | Note
-------+----------+-------------------------------------------
     0 | D:1      | ZombieSheep the Draconian Transmuter began the quest for
                  | the Orb.
     0 | D:1      | Reached XP level 1. HP: 16/16 MP: 3/3
   226 | D:1      | Reached XP level 2. HP: 23/23 MP: 3/5
   525 | D:1      | Found a faded altar of an unknown god.
   783 | D:1      | Reached XP level 3. HP: 29/29 MP: 4/6
   872 | D:2      | Learned a level 3 spell: Spider Form
  1128 | D:2      | Noticed Jessica
  1134 | D:2      | Killed Jessica
  1135 | D:2      | Reached XP level 4. HP: 30/36 MP: 3/7
  2717 | D:4      | Noticed an ogre
  2769 | D:5      | Entered Level 5 of the Dungeon
  2790 | D:5      | Noticed a phantom
  2812 | D:5      | Reached XP level 5. HP: 31/42 MP: 9/9
  2998 | D:6      | HP: 2/42 [bullfrog (2)]
  2999 | D:6      | Slain by a bullfrog

Illustrated notes

Levels and vault maps discovered:
D:1:      scummos_arrival_hexagon, layout_rooms, ebering_ecumenical_altar_box
D:2:      layout_rooms, uniq_jessica
D:3:      layout_loops_ring
D:4:      layout_basic, nicolae_ru_the_path_less_chosen,
          mainiacjoe_overflow_small_starburst, minmay_misc_feat_diagonals,
          uniq_ijyb
D:5:      layout_basic, enter_ossuary_1, serial_aquarium,
          aquarium_bridge_straight [aquarium_subvault_bridge,
          aquarium_subvault_window, aquarium_subvault_bridge,
          aquarium_subvault_wall], aquarium_window_fake, aquarium_window_1,
          aquarium_window_fake, aquarium_view_2g, aquarium_view_2b,
          aquarium_balcony_3a, aquarium_pool_corner,
          chequers_serial_rivers_marsh, uniq_pikel
D:6:      layout_basic, minmay_temple_entry_offerings, minmay_microvault

Skill      XL: |  1  2  3  4  5 |
---------------+----------------+-----
Dodging        | 2 |  2.7
Fighting       | 2 |  2.7
Transmutations | 3 |  3.0
Spellcasting   | 3 |  3.0
Unarmed Combat | |  3.8

Action                   |  1- 3 |  4- 6 || total
-------------------------+-------+-------++-------
Melee: Unarmed           |    70 |   139 ||   209
       Kick              |     9 |    27 ||    36
       Headbutt          |     6 |    11 ||    17
       Tailslap          |     5 |    12 ||    17
 Cast: Beastly Appendage |    16 |    28 ||    44
       Spider Form       |     1 |       ||     1
  Use: Scroll            |     3 |     2 ||     5
Armor: Skin              |    21 |    51 ||    72
Dodge: Dodged            |    48 |    82 ||   130
